BLB
WILMINGTON WILDCATS @ NEW ORLEANS VOODOO
09/13/2062
 
TOP OF THE 1ST
Wilmington Wildcats batting - Pitching for New Orleans Voodoo : RHP Benjamin Narvaez
Pitching: RHP Benjamin Narvaez
Batting: RHB Braedan McPherson 0-0: Ball
1-0: Swinging Strike
1-1: Foul Ball, location: 2F
1-2: Foul Ball, location: 2F
1-2: Ground out 4-3 (Groundball, 4, EV 88.8 MPH)
Batting: SHB Josiah Swallow 0-0: Called Strike
0-1: Ball
1-1: Fly out, F8 (Flyball, 89D, EV 88.1 MPH)
Batting: LHB Marquis Alagna 0-0: Called Strike
0-1: Ball
1-1: Ball
2-1: Ball
3-1: Base on Balls
Batting: LHB Greg Selser 0-0: Ball
Marquis Alagna steals 2nd base
1-0: Called Strike
1-1: Foul Ball, location: 2F
1-2: Strikes out looking
Top of the 1st over - 0 runs, 0 hits, 0 errors, 1 left on base; Wilmington 0 - New Orleans 0
BOTTOM OF THE 1ST
New Orleans Voodoo batting - Pitching for Wilmington Wildcats : RHP Rick Robertson
Pitching: RHP Rick Robertson
Batting: LHB Jordy Wovchanoff 0-0: Foul Ball, location: 2F
0-1: Fly out, F7 (Flyball, 78D, EV 96.9 MPH)
Batting: RHB Dez Swanson 0-0: Called Strike
0-1: Called Strike
0-2: Strikes out swinging
Batting: RHB Lon Leseberg 0-0: Foul Ball, location: 2F
0-1: Swinging Strike
0-2: Foul Ball, location: 2F
0-2: Ball
1-2: Strikes out swinging
Bottom of the 1st over - 0 runs, 0 hits, 0 errors, 0 left on base; Wilmington 0 - New Orleans 0
TOP OF THE 2ND
Wilmington Wildcats batting - Pitching for New Orleans Voodoo : RHP Benjamin Narvaez
Batting: RHB R.C. Sloan 0-0: Called Strike
0-1: Single, Error in OF, E7, batter to second base (Groundball, 56D, EV 98.8 MPH)
Batting: RHB Marlon Anderson 0-0: Fly out, F8 (Flyball, 8LXD, EV 91.9 MPH)
Runner from 2nd tags up, SAFE at 3rd, no throw by CF
Batting: RHB Reilly Wren 0-0: Ground out U3 (Groundball, 13, EV 87.5 MPH)
R.C. Sloan scores
Batting: SHB James Little 0-0: Called Strike
0-1: Ball
1-1: Fly out, F8 (Flyball, 8RD, EV 103.1 MPH)
Top of the 2nd over - 1 run, 1 hit, 1 error, 0 left on base; Wilmington 1 - New Orleans 0
BOTTOM OF THE 2ND
New Orleans Voodoo batting - Pitching for Wilmington Wildcats : RHP Rick Robertson
Batting: RHB Andy Bernard 0-0: Called Strike
0-1: Foul Ball, location: 2F
0-2: Fly out, F3 (Popup, 34, EV 80.0 MPH)
Batting: RHB Nathan Stiso 0-0: Swinging Strike
0-1: Ball
1-1: Swinging Strike
1-2: Strikes out swinging
Batting: RHB Latif Won 0-0: Ball
1-0: Swinging Strike
1-1: Foul Ball, location: 2F
1-2: Ball
2-2: Ball
3-2: Fly out, F7 (Flyball, 78S, EV 85.0 MPH)
Bottom of the 2nd over - 0 runs, 0 hits, 0 errors, 0 left on base; Wilmington 1 - New Orleans 0
TOP OF THE 3RD
Wilmington Wildcats batting - Pitching for New Orleans Voodoo : RHP Benjamin Narvaez
Batting: RHB Chandler Frazee 0-0: Foul Ball, location: 2F
0-1: Foul Ball, location: 2F
0-2: Strikes out swinging
Batting: RHB Braedan McPherson 0-0: Ball
1-0: Foul Ball, location: 2F
1-1: Ball
2-1: Ball
3-1: SINGLE (Line Drive, 4MD, EV 95.0 MPH)
Batting: SHB Josiah Swallow 0-0: Ball
Braedan McPherson steals 2nd, throwing error, E2
Braedan McPherson to third
1-0: Ball
2-0: Called Strike
2-1: Ball
3-1: Foul Ball, location: 2F
3-2: Foul Ball, location: 2F
3-2: Base on Balls
Batting: LHB Marquis Alagna 0-0: Ball
1-0: Ball
2-0: Ball
3-0: Called Strike
3-1: Base on Balls
Josiah Swallow to second
Batting: LHB Greg Selser 0-0: Ball
1-0: SINGLE (Line Drive, 89S, EV 95.6 MPH)
Braedan McPherson scores
Josiah Swallow to third
Marquis Alagna to second
Batting: RHB R.C. Sloan 0-0: Called Strike
0-1: Foul Ball, location: 2F
0-2: Ball
1-2: Foul Ball, location: 2F
1-2: Ball
2-2: Foul Ball, location: 2F
2-2: Foul Ball, location: 2F
2-2: SINGLE (Flyball, 4MD, EV 86.9 MPH)
Josiah Swallow scores
Marquis Alagna to third
Greg Selser to second
Batting: RHB Marlon Anderson 0-0: Ball
1-0: Reached on error, E6 (Groundball, 6, EV 100.0 MPH)
Marquis Alagna scores
Greg Selser to third
R.C. Sloan to second
Batting: RHB Reilly Wren 0-0: Swinging Strike
0-1: Swinging Strike
0-2: Strikes out looking
Batting: SHB James Little 0-0: Swinging Strike
0-1: Called Strike
0-2: Strikes out looking
Top of the 3rd over - 3 runs, 3 hits, 2 errors, 3 left on base; Wilmington 4 - New Orleans 0
BOTTOM OF THE 3RD
New Orleans Voodoo batting - Pitching for Wilmington Wildcats : RHP Rick Robertson
Batting: RHB Brendan McIntyre 0-0: Ball
1-0: Ball
2-0: Ground out 5-3 (Groundball, 56, EV 83.8 MPH)
Batting: LHB Johnathan Weeks 0-0: Called Strike
0-1: Swinging Strike
0-2: DOUBLE (Line Drive, 9LM, EV 98.1 MPH)
Batting: RHB Jeremie Holzschuh 0-0: Foul Ball, location: 2F
0-1: Fly out, F9 (Flyball, 89S, EV 90.6 MPH)
Batting: LHB Jordy Wovchanoff 0-0: Ball
1-0: Ball
2-0: Called Strike
2-1: Ball
3-1: Base on Balls
Batting: RHB Dez Swanson 0-0: Ball
1-0: Ball
2-0: Called Strike
2-1: SINGLE (Popup, 56D, EV 44.4 MPH)
Johnathan Weeks to third
Jordy Wovchanoff to second
Batting: RHB Lon Leseberg 0-0: Called Strike
0-1: Ball
1-1: Foul Ball, location: 2F
1-2: Strikes out swinging
Bottom of the 3rd over - 0 runs, 2 hits, 0 errors, 3 left on base; Wilmington 4 - New Orleans 0
TOP OF THE 4TH
Wilmington Wildcats batting - Pitching for New Orleans Voodoo : RHP Benjamin Narvaez
Batting: RHB Chandler Frazee 0-0: Called Strike
0-1: Swinging Strike
0-2: Ball
1-2: Ball
2-2: Foul Ball, location: 2F
2-2: Foul Ball, location: 2F
2-2: Ball
3-2: Base on Balls
Batting: RHB Braedan McPherson 0-0: Swinging Strike
0-1: Ball
1-1: Foul Ball, location: 2F
1-2: Foul Ball, location: 2F
1-2: Foul Ball, location: 2F
1-2: Strikes out swinging
Batting: SHB Josiah Swallow 0-0: Fly out, F3 (Line Drive, 34, EV 71.9 MPH)
Lined into DP, U3 (Line Drive, 34, EV 70.0 MPH)
Top of the 4th over - 0 runs, 0 hits, 0 errors, 0 left on base; Wilmington 4 - New Orleans 0
BOTTOM OF THE 4TH
New Orleans Voodoo batting - Pitching for Wilmington Wildcats : RHP Rick Robertson
Batting: RHB Andy Bernard 0-0: Called Strike
0-1: Ball
1-1: Foul Ball, location: 2F
1-2: Foul Ball, location: 2F
1-2: Ball
2-2: Fly out, F8 (Flyball, 78S, EV 93.1 MPH)
Batting: RHB Nathan Stiso 0-0: Foul Ball, location: 2F
0-1: SINGLE (Groundball, 56D, EV 100.6 MPH)
Batting: RHB Latif Won 0-0: Ball
1-0: Ball
2-0: Fly out, F2 (Popup, 23F, EV 74.4 MPH)
Batting: RHB Brendan McIntyre 0-0: Foul Ball, location: 2F
0-1: Foul Ball, location: 2F
0-2: Ball
1-2: Foul Ball, location: 2F
1-2: Foul Ball, location: 2F
1-2: Strikes out swinging
Bottom of the 4th over - 0 runs, 1 hit, 0 errors, 1 left on base; Wilmington 4 - New Orleans 0
TOP OF THE 5TH
Wilmington Wildcats batting - Pitching for New Orleans Voodoo : RHP Benjamin Narvaez
Batting: LHB Marquis Alagna 0-0: Foul Ball, location: 2F
0-1: SINGLE (Groundball, 34D, EV 105.0 MPH)
Batting: LHB Greg Selser 0-0: Called Strike
0-1: Foul Ball, location: 2F
0-2: Strikes out swinging
Batting: RHB R.C. Sloan 0-0: Called Strike
0-1: Ball
1-1: Ball
Marquis Alagna steals 2nd base (no throw)
2-1: Ball
3-1: Base on Balls
Batting: RHB Marlon Anderson 0-0: Called Strike
0-1: Ball
1-1: Ball
2-1: Swinging Strike
2-2: DOUBLE (Line Drive, 78XD, EV 105.6 MPH)
Marquis Alagna scores
R.C. Sloan to third
Pitching: LHP Braxton Werner
Batting: RHB Reilly Wren 0-0: Foul Ball, location: 2F
0-1: Called Strike
0-2: Ball
1-2: DOUBLE (Flyball, 8LXD, EV 105.6 MPH)
R.C. Sloan scores
Marlon Anderson scores
Batting: SHB James Little 0-0: Ball
1-0: Ball
2-0: Fly out, F9 (Line Drive, 89M, EV 109.4 MPH)
Batting: RHB Chandler Frazee 0-0: SINGLE (Flyball, 4D, EV 84.4 MPH)
Reilly Wren to third
Batting: RHB Braedan McPherson 0-0: Called Strike
0-1: Called Strike
0-2: Foul Ball, location: 2F
0-2: Strikes out swinging
Top of the 5th over - 3 runs, 4 hits, 0 errors, 2 left on base; Wilmington 7 - New Orleans 0
BOTTOM OF THE 5TH
New Orleans Voodoo batting - Pitching for Wilmington Wildcats : RHP Rick Robertson
Batting: LHB Johnathan Weeks 0-0: Called Strike
0-1: Ball
1-1: SINGLE (Groundball, 6MS, EV 69.4 MPH) (infield hit)
Batting: RHB Jeremie Holzschuh 0-0: Swinging Strike
0-1: Swinging Strike
0-2: Ball
1-2: Foul Ball, location: 2F
1-2: Grounds into double play, 5-4-3 (Groundball, 56S, EV 80.0 MPH)
Batting: LHB Jordy Wovchanoff 0-0: Called Strike
0-1: Ball
1-1: Called Strike
1-2: Ball
2-2: Foul Ball, location: 2F
2-2: Strikes out looking
Bottom of the 5th over - 0 runs, 1 hit, 0 errors, 0 left on base; Wilmington 7 - New Orleans 0
TOP OF THE 6TH
Wilmington Wildcats batting - Pitching for New Orleans Voodoo : LHP Braxton Werner
Batting: SHB Josiah Swallow 0-0: Ball
1-0: Called Strike
1-1: Ball
2-1: Foul Ball, location: 2F
2-2: Foul Ball, location: 2F
2-2: Ball
3-2: Ground out 6-3 (Groundball, 6, EV 76.9 MPH)
Batting: LHB Marquis Alagna 0-0: Ball
1-0: Ball
2-0: Ball
3-0: Base on Balls
Batting: LHB Greg Selser 0-0: Ball
1-0: SINGLE (Groundball, 4MD, EV 108.1 MPH)
Marquis Alagna to second
Batting: RHB R.C. Sloan 0-0: Ball
1-0: SINGLE (Groundball, 34, EV 110.0 MPH)
Marquis Alagna to third
Greg Selser to second
Batting: RHB Marlon Anderson 0-0: Ball
1-0: Grounds into double play, 6-4-3 (Groundball, 6, EV 84.4 MPH)
Top of the 6th over - 0 runs, 2 hits, 0 errors, 2 left on base; Wilmington 7 - New Orleans 0
BOTTOM OF THE 6TH
New Orleans Voodoo batting - Pitching for Wilmington Wildcats : RHP Rick Robertson
Batting: RHB Dez Swanson 0-0: Ground out 2-3 (Groundball, 2L, EV 60.0 MPH)
Batting: RHB Lon Leseberg 0-0: Swinging Strike
0-1: Ground out 6-3 (Groundball, 6, EV 81.2 MPH)
Batting: RHB Andy Bernard 0-0: Ball
1-0: Fly out, F8 (Flyball, 8RD, EV 78.8 MPH)
Bottom of the 6th over - 0 runs, 0 hits, 0 errors, 0 left on base; Wilmington 7 - New Orleans 0
TOP OF THE 7TH
Wilmington Wildcats batting - Pitching for New Orleans Voodoo : LHP Braxton Werner
Batting: RHB Reilly Wren 0-0: Fly out, F6 (Line Drive, 6MD, EV 63.1 MPH)
Batting: SHB James Little 0-0: Called Strike
0-1: Ball
1-1: Ball
2-1: Ground out 4-3 (Groundball, 4M, EV 90.0 MPH)
Batting: RHB Chandler Frazee 0-0: Ball
1-0: Ball
2-0: Swinging Strike
2-1: Foul Ball, location: 2F
2-2: Ball
3-2: Foul Ball, location: 2F
3-2: Base on Balls
Batting: RHB Braedan McPherson 0-0: Ball
1-0: Fly out, F8 (Line Drive, 8RM, EV 102.5 MPH)
Top of the 7th over - 0 runs, 0 hits, 0 errors, 1 left on base; Wilmington 7 - New Orleans 0
BOTTOM OF THE 7TH
New Orleans Voodoo batting - Pitching for Wilmington Wildcats : RHP Rick Robertson
Batting: RHB Nathan Stiso 0-0: Ball
1-0: DOUBLE (Flyball, 78D, EV 103.8 MPH)
Batting: RHB Latif Won 0-0: Ball
1-0: Fly out, F7 (Flyball, 78D, EV 103.1 MPH)
Batting: RHB Brendan McIntyre 0-0: Ball
1-0: Swinging Strike
1-1: Foul Ball, location: 2F
1-2: Ball
2-2: Ball
3-2: Strikes out swinging
Batting: LHB Johnathan Weeks 0-0: Foul Ball, location: 2F
0-1: SINGLE (Line Drive, 89S, EV 103.1 MPH)
Nathan Stiso to third
Batting: RHB Jeremie Holzschuh 0-0: Ball
Johnathan Weeks steals 2nd base (no throw)
1-0: Swinging Strike
1-1: Foul Ball, location: 2F
1-2: SINGLE (Groundball, 56D, EV 100.6 MPH)
Nathan Stiso scores
Johnathan Weeks to third
Runner from 3rd tries for Home, throw by LF and OUT! 7-2
Bottom of the 7th over - 1 run, 3 hits, 0 errors, 1 left on base; Wilmington 7 - New Orleans 1
TOP OF THE 8TH
Wilmington Wildcats batting - Pitching for New Orleans Voodoo : LHP Braxton Werner
Batting: SHB Josiah Swallow 0-0: Called Strike
0-1: Foul Ball, location: 2F
0-2: Strikes out swinging
Batting: LHB Marquis Alagna 0-0: Ball
1-0: Called Strike
1-1: Ground out 6-3 (Groundball, 6, EV 93.8 MPH)
Batting: LHB Greg Selser 0-0: Called Strike
0-1: Swinging Strike
0-2: Ball
1-2: Ball
2-2: Strikes out looking
Top of the 8th over - 0 runs, 0 hits, 0 errors, 0 left on base; Wilmington 7 - New Orleans 1
BOTTOM OF THE 8TH
New Orleans Voodoo batting - Pitching for Wilmington Wildcats : RHP Rick Robertson
Batting: LHB Jordy Wovchanoff 0-0: Called Strike
0-1: Called Strike
0-2: Strikes out swinging
Batting: RHB Dez Swanson 0-0: Called Strike
0-1: Foul Ball, location: 2F
0-2: Foul Ball, location: 2F
0-2: Foul Ball, location: 2F
0-2: Ball
1-2: Foul Ball, location: 2F
1-2: Ball
2-2: Foul Ball, location: 2F
2-2: Fly out, F8 (Flyball, 8RD, EV 83.1 MPH)
Batting: RHB Lon Leseberg 0-0: Ball
1-0: Foul Ball, location: 2F
1-1: Ground out 5-3 (Groundball, 56, EV 85.0 MPH)
Bottom of the 8th over - 0 runs, 0 hits, 0 errors, 0 left on base; Wilmington 7 - New Orleans 1
TOP OF THE 9TH
Wilmington Wildcats batting - Pitching for New Orleans Voodoo : LHP Braxton Werner
Batting: RHB R.C. Sloan 0-0: Ball
1-0: Called Strike
1-1: Ball
2-1: Foul Ball, location: 2F
2-2: Ball
3-2: Fly out, F8 (Line Drive, 8RM, EV 86.9 MPH)
Batting: RHB Marlon Anderson 0-0: Foul Ball, location: 2F
0-1: Fly out, F7 (Line Drive, 78S, EV 97.5 MPH)
Batting: RHB Reilly Wren 0-0: Ball
1-0: Ground out 3-1 (Groundball, 34S, EV 90.0 MPH)
Top of the 9th over - 0 runs, 0 hits, 0 errors, 0 left on base; Wilmington 7 - New Orleans 1
BOTTOM OF THE 9TH
New Orleans Voodoo batting - Pitching for Wilmington Wildcats : RHP Rick Robertson
Pitching: RHP Stuart Beale
Batting: RHB Andy Bernard 0-0: Ball
1-0: Called Strike
1-1: Fly out, F9 (Line Drive, 9D, EV 91.2 MPH)
Batting: RHB Nathan Stiso 0-0: Foul Ball, location: 2F
0-1: Called Strike
0-2: Foul Ball, location: 2F
0-2: SINGLE (Groundball, 56D, EV 103.1 MPH)
Batting: RHB Latif Won 0-0: Called Strike
0-1: Ball
1-1: Foul Ball, location: 2F
1-2: Fly out, F3 (Popup, 34, EV 70.0 MPH)
Batting: RHB Brendan McIntyre 0-0: Called Strike
0-1: Ball
1-1: Ball
2-1: Called Strike
2-2: SINGLE (Groundball, 6M, EV 81.9 MPH) (infield hit)
Nathan Stiso to second
Batting: LHB Johnathan Weeks 0-0: Ball
1-0: Fly out, F7 (Line Drive, 7, EV 106.9 MPH)
Bottom of the 9th over - 0 runs, 2 hits, 0 errors, 2 left on base; Wilmington 7 - New Orleans 1
Thursday, October 10th , 2024 - OOTP Baseball 23.10 Build 110